 Dungeon Crawl Stone Soup version 0.28.0-53-g5a82cb258f (webtiles) character file.

Game seed: 4276964323081608132

2051 bnorton916 the Thaumaturge (level 9, -5/45 HPs)
             Began as a Deep Elf Fire Elementalist on May 24, 2022.
             Was an Initiate of Gozag.
             Slain by an orc warrior
             ... wielding a +0 glaive
              (14 damage)
             ... in a bailey.
             The game lasted 00:22:31 (12098 turns).

bnorton916 the Thaumaturge (DEFE)                  Turns: 12098, Time: 00:22:32

Health: -5/45      AC:  5    Str:  5    XL:     9   Next: 4%
Magic:  8/23       EV: 12    Int: 25    God:    Gozag
Gold:   364        SH:  5    Dex: 15    Spells: 12/25 levels left

rFire   . . .      SeeInvis +   A - +2 hunting sling (flame)
rCold   . . .      Faith    .   (no shield)
rNeg    . . .      Spirit   .   a - +0 robe
rPois   +          Reflect  +   E - +0 helmet
rElec   .          Harm     .   K - +0 cloak
rCorr   .          Rampage  .   J - +0 pair of gloves
Will    .....                   (no boots)
Stlth   ++........              b - amulet of reflection
HPRegen 0.15/turn               j - ring of see invisible
MPRegen 0.18/turn               B - ring of poison resistance

@: gold aura
A: no striking features
a: Renounce Religion, Potion Petition, Call Merchant, Bribe Branch


You were in a bailey.
You worshipped Gozag.
Gozag was aware of your devotion.
You visited 2 branches of the dungeon, and saw 8 of its levels.
You also visited: Sewer and Bailey.

You collected 771 gold pieces.
You spent 364 gold pieces at shops.
You paid 43 gold pieces to Gozag.

Inventory:

Hand Weapons
 k - a +1 dagger of venom
 l - a +1 vorpal falchion
 A - a +2 hunting sling of flaming (weapon)
Missiles
 c - 65 stones (quivered ammo)
 e - 5 atropa-tipped darts
 x - a boomerang
 y - 6 curare-tipped darts
Armour
 a - a +0 robe (worn)
 E - a +0 helmet (worn)
 J - a +0 pair of gloves (worn)
 K - a +0 cloak (worn)
Magical Staves
 i - a staff of cold
Jewellery
 b - an amulet of reflection (around neck)
 j - a ring of see invisible (left hand)
 q - a +6 ring of strength
 B - a ring of poison resistance (right hand)
 H - a +6 ring of strength
Wands
 u - a wand of polymorph (14)
 D - a wand of digging (5)
Scrolls
 g - a scroll of blinking
 m - 2 scrolls of noise
 o - 3 scrolls of teleportation
 C - a scroll of amnesia
 F - a scroll of magic mapping
 G - a scroll of holy word
Potions
 d - a potion of berserk rage
 f - a potion of might {unknown}
 n - a potion of flight {unknown}
 p - a potion of magic {unknown}
 r - 2 potions of curing
 s - a potion of brilliance {unknown}
 t - 2 potions of ambrosia
 v - 2 potions of heal wounds
 w - a potion of invisibility {unknown}
 z - a potion of haste {unknown}


   Skills:
 + Level 1.6 Armour
 - Level 2.4 Dodging
 - Level 2.4 Stealth
 - Level 8.8 Spellcasting
 - Level 6.9 Conjurations
 - Level 7.7 Fire Magic
 + Level 0.0 Ice Magic
 - Level 2.0 Air Magic
 - Level 3.0 Poison Magic


You had 12 spell levels left.
You knew the following spells:

 Your Spells              Type           Power      Damage    Failure   Level
a - Foxfire               Conj/Fire      100%       2x1d9     1%          1
b - Scorch                Fire           98%        2d9       1%          2
c - Mephitic Cloud        Conj/Pois/Air  31%        N/A       3%          3
d - Flame Wave            Conj/Fire      47%        2d10      2%          4
e - Frozen Ramparts       Ice            22%        1d4       16%         3

Your spell library contained the following spells:

 Spells                   Type           Power      Damage    Failure   Level
 Magic Dart               Conj           100%       1d8       1%          1
 Conjure Flame            Conj/Fire      47%        6-21      1%          3
 Inner Flame              Hex/Fire       30%        N/A       3%          3
 Freeze                   Ice            44%        1d6       5%          1
 Call Imp                 Summ           11%        N/A       9%          2
 Hailstorm                Conj/Ice       28%        3d8       13%         4
 Gell's Gravitas          Tloc           11%        N/A       17%         3
 Lesser Beckoning         Tloc           11%        N/A       17%         3
 Teleport Other           Tloc           11%        N/A       17%         3


Dungeon Overview and Level Annotations

Branches:
Dungeon (7/15)             Temple (1/1) D:4           Sewer (visited)
 Bailey (1/1)

Altars:
Ashenzari
Cheibriados
Dithmenos
Elyvilon
Gozag
Kikubaaqudgha
Makhleb
Nemelex Xobeh
Okawaru
Qazlal
Sif Muna
Trog
Vehumet
Wu Jian
Xom
Yredelemnul
Zin
The Shining One

Shops:
D:4 [   D:5 ([*=(

Annotations:
D:5 3 runed translucent doors, RipUnclePhilFR's ghost, amateur OpTm
D:6 2 transporters


Message History

Aim: an orc warrior, wielding a +0 glaive and wearing a +0 scale mail (heavily wounded, chance to affect: 81%)
The ball explodes into a vile cloud!
The stinking cloud engulfs the orc warrior but does no damage.
The orc warrior is heavily wounded.
The stinking cloud engulfs the orc but does no damage.
The orc is almost dead.
You hear a shout!
The orc is engulfed in noxious fumes.
The orc appears confused.
The orc warrior is engulfed in noxious fumes.
The orc warrior appears confused.
Unknown command.
Casting: Mephitic Cloud (dangerous; 3% risk of failure)
Confirm with . or Enter, or press ? or * to list all spells.
Okay, then.
Casting: Mephitic Cloud (dangerous; 3% risk of failure)
Confirm with . or Enter, or press ? or * to list all spells.
Flames lash the orc warrior but do no damage.
The orc is engulfed in noxious fumes.
The orc appears confused.
The orc hits you with a +0 trident.
* * * LOW HITPOINT WARNING * * *
The orc warrior is engulfed in noxious fumes.
The orc warrior appears confused.
The orc is engulfed in noxious fumes.
The orc appears confused.
Casting: Scorch (safe; 1% risk of failure)
Confirm with . or Enter, or press ? or * to list all spells.
Flames lash the orc.
You kill the orc!
The orc warrior is engulfed in noxious fumes.
The orc warrior appears confused.
The orc warrior says, "Why is everything spinning?"
Unknown command.
Casting: Scorch (safe; 1% risk of failure)
Confirm with . or Enter, or press ? or * to list all spells.
Flames lash the orc warrior.
The orc warrior is severely wounded.
The orc warrior's fire resistance burns away.
The orc warrior cries.
The orc warrior hits you with a +0 glaive!
You die...
Your body crumbles into a pile of gold.

♣.≈≈≈≈≈..♣♣
♣..≈≈≈≈≈..♣#
##..≈≈≈≈...#
$#..≈≈≈≈≈..####
#...≈≈≈≈.....###
##...≈≈≈≈..♣♣...♣♣♣
#....≈≈≈≈..♣......♣♣ 8
#...######...$.....♣
..#............o@.∩..♣
..'$.........°○......♣
..'$....)o...........♣
..#...............∩..♣
8.#...######.........♣
. #....≈≈≈≈.........♣♣
. ##.♣.≈≈≈≈..♣....♣♣♣
#...≈≈≈≈.....###
$#..♣≈≈≈≈..♣.##


You could see 2 orc warriors.

Vanquished Creatures
  Grinder (D:6)
  Sigmund (D:6)
  A steam dragon (D:7)
  A sky beast (D:6)
  A hornet zombie (D:7)
  A black bear (D:5)
  An orc warrior (Bailey)
  An ice beast (D:7)
  2 necrophages
  An ogre (D:4)
  A kobold brigand (D:6)
  Blork the orc (D:6)
  A scorpion (D:4)
  3 jellies (D:6)
  3 hounds
  A bullfrog skeleton (D:6)
  2 centaur skeletons
  An iguana (D:5)
  5 orc wizards (D:6)
  A hound skeleton (D:4)
  5 adders
  A shadow imp (D:5)
  A white imp (D:5)
  An ufetubus (D:6)
  An adder skeleton (D:4)
  2 worms (D:2)
  5 dart slugs
  20 orcs
  9 ball pythons
  5 endoplasms
  3 giant cockroaches
  5 goblins
  11 hobgoblins
  4 jackals (D:2)
  12 quokkas
  4 bats
  8 frilled lizards
  13 kobolds
  8 rats
148 creatures vanquished.

Vanquished Creatures (others)
  688 foxfires
688 creatures vanquished.

Grand Total: 836 creatures vanquished

Notes
Turn   | Place    | Note
-------+----------+-------------------------------------------
     0 | D:1      | bnorton916 the Deep Elf Fire Elementalist began the quest
                  | for the Orb.
     0 | D:1      | Reached XP level 1. HP: 10/10 MP: 6/6
   447 | D:1      | Reached XP level 2. HP: 15/15 MP: 6/8
  1541 | D:2      | Reached XP level 3. HP: 19/19 MP: 2/10
  1805 | D:2      | Reached skill level 4 in Spellcasting
  2282 | D:3      | Reached XP level 4. HP: 24/24 MP: 10/12
  3094 | D:3      | Found a faded altar of an unknown god.
  3797 | D:4      | Noticed a necrophage
  3809 | D:4      | Killed a necrophage
  3810 | D:4      | Reached skill level 5 in Spellcasting
  3810 | D:4      | Reached XP level 5. HP: 15/28 MP: 8/14
  3962 | D:4      | Learned a level 2 spell: Scorch
  3984 | D:4      | Found a glowing drain.
  4008 | Sewer    | Entered a sewer
  4241 | Sewer    | Learned a level 3 spell: Mephitic Cloud
  5324 | D:4      | Reached skill level 5 in Fire Magic
  5324 | D:4      | Reached skill level 1 in Poison Magic
  5324 | D:4      | Reached XP level 6. HP: 25/32 MP: 10/16
  5648 | D:4      | Reached skill level 1 in Air Magic
  5755 | D:4      | Found a staircase to the Ecumenical Temple.
  5761 | Temple   | Entered the Ecumenical Temple
  5946 | Temple   | Became a worshipper of Gozag Ym Sagoz the Greedy
  6720 | D:4      | Found Gudaiwef's Armour Shoppe.
  6879 | D:5      | Entered Level 5 of the Dungeon
  6919 | D:5      | Reached XP level 7. HP: 19/36 MP: 11/17
  7160 | D:5      | Found Xoips's Weapon Boutique.
  7187 | D:5      | Found Zeubliwa's Jewellery Boutique.
  7210 | D:5      | Bought a ring of poison resistance for 200 gold pieces
  7270 | D:5      | Found a runed translucent gate.
  7270 | D:5      | Found a runed translucent gate.
  7273 | D:5      | Found a runed translucent gate.
  7440 | D:5      | Found Ziyschi's General Store.
  7443 | D:5      | Bought a scroll of magic mapping for 38 gold pieces
  7443 | D:5      | Bought a scroll of identify for 22 gold pieces
  7443 | D:5      | Bought a scroll of identify for 22 gold pieces
  7489 | D:5      | Reached skill level 6 in Spellcasting
  7563 | D:5      | Found Capixt's Antique Armour Emporium.
  7911 | D:5      | Found Saxt's Weapon Emporium.
  8076 | D:5      | Noticed RipUnclePhilFR's ghost (amateur OpTm)
  8420 | D:5      | Learned a level 4 spell: Flame Wave
  8453 | D:6      | Noticed Grinder
  8461 | D:6      | Paralysed by Grinder for 6 turns
  9057 | D:6      | Reached skill level 5 in Conjurations
  9126 | D:5      | Found Xoips's Weapon Boutique.
  9211 | D:5      | Found Capixt's Antique Armour Emporium.
  9444 | D:5      | Found Saxt's Weapon Emporium.
  9501 | D:5      | Found a runed translucent gate.
  9501 | D:5      | Found a runed translucent gate.
  9501 | D:5      | Found a runed translucent gate.
  9512 | D:5      | Found Zeubliwa's Jewellery Boutique.
  9693 | D:5      | Found Ziyschi's General Store.
  9797 | D:5      | Bought a scroll of holy word for 82 gold pieces
  9892 | D:6      | Killed Grinder
  9893 | D:6      | Reached skill level 7 in Spellcasting
  9893 | D:6      | Reached XP level 8. HP: 26/41 MP: 14/20
 10483 | D:6      | Found a transporter.
 10573 | D:6      | Noticed Blork the orc
 10598 | D:6      | Noticed Sigmund
 10620 | D:6      | Killed Sigmund
 10621 | D:6      | Reached skill level 8 in Spellcasting
 11019 | D:6      | Found a transporter.
 11080 | D:6      | Killed Blork the orc
 11357 | D:7      | Reached skill level 1 in Armour
 11702 | D:7      | Found a flagged portal.
 11801 | Bailey   | Entered a bailey
 11822 | Bailey   | Reached XP level 9. HP: 32/45 MP: 16/23
 12010 | Bailey   | Learned a level 3 spell: Frozen Ramparts
 12098 | Bailey   | Slain by an orc warrior

Illustrated notes

Levels and vault maps discovered:
D:1:      ncdulo_watergridlock, layout_rooms
D:2:      layout_loops_ring, columned_hall_lemuel, minmay_misc_feat_plants,
          minivault_19, kennysheep_boxes
D:3:      layout_basic, shapermc_ecumenical_altar_venn, serial_curves,
          eino_curves_01, eino_curves_03
D:4:      layout_cave_pods, minmay_temple_entry_hall, serial_shops, shop,
          gup_sewer_entry_pipe
D:5:      black_bear_nest_1, layout_loops_ring, gammafunk_ghost_icy,
          serial_shops, shop_coins, nicolae_shop_hallway_plus,
          nicolae_take_the_stairs, nicolae_inconvenience_store, kennysheep_mini
D:6:      gammafunk_cloud_chamber, layout_rooms, serial_corexii_hall,
          corexii_hall_statues_deadend, corexii_hall_statues_l,
          uniq_blork_the_orc, uniq_sigmund, uniq_grinder
D:7:      layout_basic, enter_bailey_4
Temple:   dpeg_five_rooms_temple
Bailey:   bailey_polearm_elven_captive_hellmonk, bailey

Skill      XL: |  1  2  3  4  5  6  7  8 |
---------------+-------------------------+-----
Conjurations   | 2 3 4 5 6 |  6.9
Spellcasting   | 4 5 7 8 |  8.8
Fire Magic     | 4 5 6 7 |  7.7
Poison Magic   | 1 2 3 |  3.0
Air Magic      | 1 2 |  2.0
Armour         | 1 |  1.6
Dodging        | |  2.4
Stealth        | |  2.4

Action                   |  1- 3 |  4- 6 |  7- 9 || total
-------------------------+-------+-------+-------++-------
Melee: Dagger            |     2 |     3 |       ||     5
Throw: Dart              |       |     2 |       ||     2
 Cast: Foxfire           |   112 |   196 |   102 ||   410
       Scorch            |       |       |    31 ||    31
       Mephitic Cloud    |       |       |     6 ||     6
  Use: Scroll            |       |     4 |     6 ||    10
Armor: Robe              |     2 |     1 |     9 ||    12
Dodge: Dodged            |     6 |    23 |    40 ||    69
Block: Other             |     2 |     3 |    20 ||    25
       Reflection        |       |       |     1 ||     1
